 Dungeon Crawl Stone Soup version 0.22-a0-307-g2b15929 (webtiles) character file.

27 Borgoz the Chopper (level 3, -2/49 HPs)
             Began as a Hill Orc Berserker on Apr 1, 2018.
             Was a Follower of Trog.
             Slain by a gnoll
             ... wielding a +0 flail
              (3 damage)
             ... on level 2 of the Dungeon.
             The game lasted 00:00:52 (769 turns).

Borgoz the Chopper (Hill Orc Berserker)              Turns: 769, Time: 00:00:52

Health: -2/49      AC:  2    Str: 24    XL:     3   Next: 10%
Magic:  3/3        EV: 12    Int:  7    God:    Trog [*.....]
Gold:   53         SH:  0    Dex: 11    Spells: 2/2 levels left

rFire    . . .     SeeInvis .   a - +0 hand axe
rCold    . . .     Gourm    .   (no shield)
rNeg     . . .     Faith    .   b - +0 animal skin
rPois    .         Spirit   .   (no helmet)
rElec    .         Reflect  .   (no cloak)
rCorr    .         Harm     .   (no gloves)
MR       .....                  (no boots)
Stlth    ..........             (no amulet)
HPRegen  0.16/turn              (no ring)
MPRegen  0.08/turn              (no ring)

@: berserking, very quick
A: no striking features
a: Berserk, Renounce Religion


You were on level 2 of the Dungeon.
You worshipped Trog.
Trog was aware of your devotion.
You were not hungry.

You visited 1 branch of the dungeon, and saw 2 of its levels.

You collected 53 gold pieces.

Inventory:

Hand Weapons
 a - a +0 hand axe (weapon)
Armour
 b - a +0 animal skin (worn)
Scrolls
 d - a scroll of remove curse {unknown}
 e - a scroll of identify {unknown}
 f - 2 scrolls of teleportation {unknown}
Potions
 g - a potion of magic {unknown}
 h - a potion of flight {unknown}
Comestibles
 c - 2 rations


   Skills:
 + Level 4.0 Fighting
 + Level 4.5 Axes
 + Level 2.6 Armour
 + Level 1.9 Dodging


You had 2 spell levels left.
You didn't know any spells.

Dungeon Overview and Level Annotations

Branches:
Dungeon (2/15)

Altars:


Message History

The gnoll hits you from afar with a halberd!
You closely miss the gnoll. You barely miss the gnoll.
The gnoll hits you with a spear. The gnoll closely misses you.
The gnoll misses you.
You hit the gnoll.
The gnoll is moderately wounded.
You hit the gnoll but do no damage. The gnoll hits you with a spear.
The gnoll hits you from afar with a halberd.
The gnoll barely misses you.
You are too injured to fight recklessly!
Unknown command.
The gnoll hits you with a spear. The gnoll barely misses you. x2
You hit the gnoll but do no damage. You hit the gnoll.
You hit the gnoll but do no damage. The gnoll hits you with a spear!
* * * LOW HITPOINT WARNING * * *
Unknown command.
A red film seems to cover your vision as you go berserk!
You feel yourself moving faster!
You feel mighty!
You feel quite a bit more hungry. The gnoll hits you with a flail.
You die...

########## #........#
#.######.# #.# #.#
#.# #.#
########.######'#####
.........##.....g...#
#######..##....g@g..#
#..##.........#
#..##.........#
#..##.........#
#..######+#####
######.........##
................###
######.#(.........
.........####.#.#####


You could see 3 gnolls.

Vanquished Creatures
  An adder (D:2)
  A dart slug (D:2)
  2 bats (D:1)
  A giant cockroach (D:1)
  3 hobgoblins (D:1)
  4 kobolds (D:1)
  A frilled lizard (D:1)
  A rat (D:1)
14 creatures vanquished.

Notes
Turn   | Place    | Note
-------+----------+-------------------------------------------
     0 | D:1      | Borgoz the Hill Orc Berserker began the quest for the Orb.
     0 | D:1      | Reached XP level 1. HP: 19/19 MP: 1/1
   127 | D:1      | Reached XP level 2. HP: 25/27 MP: 2/2
   736 | D:2      | Reached XP level 3. HP: 32/33 MP: 3/3
   768 | D:2      | HP: 1/33 [gnoll/spear (10)]
   769 | D:2      | Slain by a gnoll

Vault maps used:
D:1:      nzn_arrival_depleted_hourglass, lemuel_old_faithful

Skill      XL: |  1  2 |
---------------+-------+-----
Fighting       | 4 |  4.0
Axes           | |  4.5
Armour         | |  2.6
Dodging        | |  1.9

Action                   || total
-------------------------++-------
Melee: Hand axe          ||    47
Invok: Berserk           ||     1
 Stab: Sleeping          ||     1
Armor: Animal skin       ||     9
Dodge: Dodged            ||    38

Table legend:
 A = Spawn XP
 B = Non-spawn XP
 C = Spawn XP percentage of total XP
 D = Spawn monster count
 E = Non-spawn monster count
 F = Spawn count percentage of total count
 G = Total turns spent on level
                    A         B        C        D         E        F      G
               +---------+---------+-------+---------+---------+-------+---------
         Total |       0 |      39 |   0.0 |       0 |      14 |   0.0 |   769
               +---------+---------+-------+---------+---------+-------+---------
           D:1 |       0 |      21 |   0.0 |       0 |      12 |   0.0 |   719
           D:2 |       0 |      18 |   0.0 |       0 |       2 |   0.0 |    50
               +---------+---------+-------+---------+---------+-------+---------
